 Dungeon Crawl Stone Soup version 0.22-b1-21-g5cfc168 (webtiles) character file.

2188 Gorglomux the Magician (level 9, -9/62 HPs)
             Began as a Demonspawn Transmuter on Aug 5, 2018.
             Was a Believer of Jiyva.
             Hit by a large rock thrown by a cyclops (35 damage)
             ... on level 8 of the Dungeon.
             The game lasted 00:08:04 (8201 turns).

Gorglomux the Magician (Demonspawn Transmuter)      Turns: 8201, Time: 00:08:04

Health: -9/62      AC:  3    Str: 15    XL:     9   Next: 12%
Magic:  15/20      EV: 13    Int: 16    God:    Jiyva [**....]
Gold:   76         SH:  4    Dex: 17    Spells: 11/22 levels left

rFire    . . .     SeeInvis .     - Unarmed
rCold    + + .     Gourm    .   (shield currently unavailable)
rNeg     . . .     Faith    .   b - +0 robe
rPois    .         Spirit   .   (no helmet)
rElec    .         Reflect  +   T - +0 cloak {+Inv}
rCorr    .         Harm     .   (gloves currently unavailable)
MR       .....                  (no boots)
Stlth    ++........             j - +4 amulet of reflection
HPRegen  0.20/turn              c - ring of protection from cold
MPRegen  0.17/turn              X - +6 ring of dexterity

@: blade hands
A: talons 2, cold resistance 1, demonic guardian 1, freezing cloud immunity
a: End Transformation, Request Jelly, Renounce Religion, Evoke Invisibility


You were on level 8 of the Dungeon.
You worshipped Jiyva.
Jiyva was pleased with you.
You were not hungry.
You had blades for hands.
You visited 2 branches of the dungeon, and saw 9 of its levels.

You collected 286 gold pieces.
You spent 210 gold pieces at shops.

Inventory:

Missiles
 a - 96 arrows
 Z - a throwing net (quivered)
Armour
 b - a +0 robe (worn)
 n - a +0 pair of gloves (melded)
 T - a +0 cloak of invisibility (worn)
Jewellery
 c - a ring of protection from cold (left scythe-like blade)
 j - a +4 amulet of reflection (around neck)
 X - a +6 ring of dexterity (right scythe-like blade)
Scrolls
 f - 5 scrolls of remove curse {unknown}
 g - 3 scrolls of amnesia {unknown}
 i - 2 scrolls of immolation {unknown}
 k - 2 scrolls of fog {unknown}
 q - 2 scrolls of teleportation {unknown}
 Q - a scroll of enchant weapon {unknown}
 R - 4 scrolls of identify
 S - 3 scrolls of random uselessness {unknown}
 Y - a scroll of enchant armour {unknown}
Potions
 o - a potion of resistance
 O - a potion of might
 P - 2 potions of lignification
 U - a potion of heal wounds
 V - 2 potions of agility
 W - 2 potions of flight
Comestibles
 d - 7 rations


   Skills:
 - Level 2.6 Fighting
 - Level 2.9 Dodging
 - Level 3.5 Unarmed Combat
 + Level 7.4 Spellcasting
 + Level 7.4 Transmutations
 - Level 1.0 Poison Magic


You had 11 spell levels left.
You knew the following spells:

 Your Spells              Type           Power        Failure   Level  Hunger
a - Beastly Appendage     Tmut           ####..       12%         1    None
b - Sticks to Snakes      Tmut           ####....     14%         2    None
c - Spider Form           Tmut/Pois      ###.......   36%         3    ##.....
d - Blade Hands           Tmut           ####......   56%         5    #####..

Your spell library contained the following spells:

 Spells                   Type           Power        Failure   Level  Hunger
 Ice Form                 Ice/Tmut       ###.....     69%         4    ####...


Dungeon Overview and Level Annotations

Branches:
Dungeon (8/15)             Temple (1/1) D:5
   Lair: D:8-11

Altars:
Ashenzari
Cheibriados
Elyvilon
Fedhas
Gozag
Hepliaklqana
Kikubaaqudgha
Nemelex Xobeh
Qazlal
Sif Muna
Trog
Vehumet
Wu Jian
Jiyva

Shops:
D:5 [   D:7 *


Innate Abilities, Weirdness & Mutations

You have razor-sharp toenails.
Your flesh is cold resistant. (rC+)
A weak demonic guardian rushes to your aid.
You are immune to freezing clouds.


Message History

You start resting!
You hear a series of splatters!
Jiyva says: Divide and consume!!!
You climb downwards!
The cyclops throws a large rock!
The large rock hits your ufetubus!!!
Your ufetubus dies!!!
There is a stone staircase leading up, spattered with blood here!
You see here a large rock!
Unknown command!
Casting: Blade Butts (quite dangerous; 16% risk of failure)
Confirm with ! or Enter, or butts ? or * to list all spells!
Your hands turn into razor-sharp scythe blades!
Your +0 pair of gloves melds into your butt!
The cyclops throws a large rock!
The large rock hits you!!!!!!!!!
DANG; * * * don't die
* * * You feel much better!
You block the killer bee's attack! The killer bee misses you!
The cyclops throws a large rock!
The large rock hits you!!!!!!
DANG rip

.......... ..............
............. ............
###...........
##.............
##.##.(#...).......
...y..)....).............#
.....####...@y........
.... ....
##...(............. .#.
##...C.#.?........ .y
###.......#...... .
....##..........
#....#..#......
..#..<........
.#####........
...............


You could see a cyclops and a killer bee.

Vanquished Creatures
  A wyvern (D:8)
  2 ice beasts
  2 phantoms
  3 centaurs
  2 bullfrogs
  A wyvern zombie (D:6)
  2 scorpions
  9 killer bees
  A howler monkey (D:4)
  3 crimson imps
  A quasit (D:5)
  A bullfrog skeleton (D:4)
  An orc wizard (D:6)
  A centaur skeleton (D:4)
  An iguana (D:4)
  4 worker ants
  A hound zombie (D:6)
  6 adders
  A shadow imp (D:5)
  An adder zombie (D:5)
  A worm (D:3)
  2 dart slugs
  10 orcs
  6 bats
  A giant cockroach (D:1)
  2 goblins (D:3)
  3 hobgoblins (D:3)
  7 jackals
  7 kobolds
  6 quokkas
  2 ball pythons
  4 frilled lizards
  3 jackal skeletons
  A rat (D:1)
99 creatures vanquished.

Vanquished Creatures (collateral kills)
  A hungry ghost (D:8)
  Menkaure (D:7)
  An ogre (D:8)
  2 killer bees (D:6)
  A crimson imp (D:3)
  A jelly (D:5)
  A worker ant zombie (D:6)
  An adder (D:3)
  An orc (D:8)
  A quokka zombie (D:6)
11 creatures vanquished.

Vanquished Creatures (others)
  A hungry ghost (D:7)
  A sky beast (D:7)
  An ogre (D:7)
  A bullfrog (D:6)
  A scorpion (D:6)
  A water moccasin skeleton (D:7)
  3 crimson imps (D:7)
  5 jellies
  A hound (D:7)
  An adder (D:7)
  6 orcs (D:7)
22 creatures vanquished.

Grand Total: 132 creatures vanquished

Notes
Turn   | Place    | Note
-------+----------+-------------------------------------------
     0 | D:1      | Gorglomux the Demonspawn Transmuter began the quest for the Orb.
     0 | D:1      | Reached XP level 1. HP: 15/15 MP: 3/3
   415 | D:1      | Gained mutation: You have sharp toenails. [demonic ancestry]
   415 | D:1      | Reached XP level 2. HP: 21/21 MP: 3/5
  1094 | D:2      | Reached skill level 3 in Unarmed Combat
  1101 | D:2      | Reached XP level 3. HP: 22/27 MP: 6/6
  1389 | D:2      | Learned a level 2 spell: Sticks to Snakes
  2065 | D:3      | Reached XP level 4. HP: 30/34 MP: 2/7
  2510 | D:3      | Learned a level 3 spell: Spider Form
  2604 | D:4      | Reached skill level 1 in Poison Magic
  2604 | D:4      | Gained mutation: A weak demonic guardian rushes to your aid. [demonic ancestry]
  2604 | D:4      | Reached XP level 5. HP: 39/39 MP: 4/8
  2628 | D:4      | Found a deep blue altar of Sif Muna.
  2847 | D:4      | Found an ancient bone altar of Kikubaaqudgha.
  2872 | D:4      | Found an ornate altar of the Wu Jian Council.
  2875 | D:4      | Found a blossoming altar of Fedhas.
  2898 | D:4      | Found a sparkling altar of Nemelex Xobeh.
  3107 | D:4      | Reached skill level 3 in Spellcasting
  3107 | D:4      | Reached skill level 3 in Transmutations
  3107 | D:4      | Gained mutation: Your flesh is cold resistant. (rC+) [demonic ancestry]
  3107 | D:4      | Reached XP level 6. HP: 41/46 MP: 7/10
  3360 | D:4      | Found a stormy altar of Qazlal.
  3459 | D:4      | Noticed an ice beast
  3469 | D:4      | Killed an ice beast
  3617 | D:5      | Entered Level 5 of the Dungeon
  3888 | D:5      | Reached XP level 7. HP: 27/51 MP: 9/13
  4275 | D:5      | Found Loplolo's Antique Armour Emporium.
  4280 | D:5      | Bought a runed cloak for 150 gold pieces
  4376 | D:5      | Found a staircase to the Ecumenical Temple.
  4394 | Temple   | Entered the Ecumenical Temple
  4398 | Temple   | Became a worshipper of Jiyva Jatabuod the Shapeless
  5561 | D:6      | Gained mutation: You are immune to freezing clouds. [demonic ancestry]
  5561 | D:6      | Reached XP level 8. HP: 47/57 MP: 16/16
  5742 | D:6      | Found a snail-covered altar of Cheibriados.
  5805 | D:6      | Reached * piety under Jiyva
  5859 | D:6      | Found a radiant altar of Vehumet.
  5865 | D:6      | Reached skill level 6 in Spellcasting
  5894 | D:6      | Found a shattered altar of Ashenzari.
  6255 | D:6      | Reached skill level 6 in Transmutations
  6320 | D:7      | Noticed Menkaure
  6342 | D:7      | Killed Menkaure
  6625 | D:7      | Reached ** piety under Jiyva
  6833 | D:7      | Found a hazy altar of Hepliaklqana.
  7096 | D:7      | Found Gouqec's General Store.
  7101 | D:7      | Bought a potion of might for 60 gold pieces
  7491 | D:8      | Noticed a cyclops
  7760 | D:8      | Gained mutation: You have razor-sharp toenails. [demonic ancestry]
  7760 | D:8      | Reached XP level 9. HP: 57/62 MP: 12/19
  7811 | D:7      | Learned a level 5 spell: Blade Hands
  8200 | D:8      | HP: 3/62 [cyclops/large rock (47)]
  8201 | D:8      | Hit by a large rock thrown by a cyclops

Skill      XL: |  1  2  3  4  5  6  7  8 |
---------------+-------------------------+-----
Dodging        | 2 |  2.9
Unarmed Combat | 3 |  3.5
Fighting       | 2 |  2.6
Transmutations | 2 3 4 5 7 |  7.4
Poison Magic   | 1 |  1.0
Spellcasting   | 3 4 5 7 |  7.4

Action                   |  1- 3 |  4- 6 |  7- 9 || total
-------------------------+-------+-------+-------++-------
Melee: Unarmed           |   103 |   139 |   227 ||   469
       Kick              |    12 |    19 |    14 ||    45
       Headbutt          |     8 |     7 |     6 ||    21
       Punch             |     2 |       |       ||     2
 Cast: Beastly Appendage |    18 |    10 |     5 ||    33
       Sticks to Snakes  |     2 |     2 |     8 ||    12
       Spider Form       |       |    12 |    23 ||    35
       Blade Hands       |       |       |     2 ||     2
 Abil: End Transformatio |       |     1 |     3 ||     4
  Use: Potion            |     2 |       |     1 ||     3
       Scroll            |       |     4 |       ||     4
 Stab: Distracted        |       |       |     2 ||     2
       Sleeping          |       |       |     1 ||     1
  Eat: Chunk             |     4 |     7 |     9 ||    20
       Ration            |       |       |     2 ||     2
Armor: Robe              |    25 |     9 |    14 ||    48
       Skin              |     9 |     6 |     1 ||    16
Dodge: Dodged            |    60 |    98 |   184 ||   342
Block: Other             |    16 |    22 |    41 ||    79
